Map: Cactus Valley LE (Void)

Players

Nerchio

  • Race: Zerg Zerg
  • Spawn Location: 11:00

Zest - Winner!

  • Race: Protoss Protoss
  • Spawn Location: 5:00

Event: IEM XI Katowice - World Championship 2017

VOD

Have the link to the VOD?

Description

Time

  • Played on: March 3, 2017, 5:58 a.m.
  • Length: 7:47

All games in this series

Show
View Real Time Build Order
Export as new Build Order

Nerchio Zerg 

Build Orders: Hatch First 

Get SALT Encoding   

  12  0:00  Drone  
  13  0:12  Overlord  
  13  0:18  Drone  
  14  0:31  Drone x2  
  14  0:34  Drone  
  17  0:53  Hatchery  
  17  0:56  Drone  
  17  0:59  Drone  
  18  1:08  Extractor  
  17  1:14  Spawning Pool  
  17  1:18  Drone  
  17  1:21  Drone  
  18  1:28  Drone  
  19  1:38  Overlord  
  19  1:50  Drone  
  20  2:01  Zergling x2, Queen  
  20  2:05  Queen  
  20  2:08  Metabolic Boost  
  25  2:12  Drone  
  26  2:16  Zergling x2  
  26  2:20  Drone  
  26  2:22  Drone  
  29  2:32  Drone  
  30  2:44  Hatchery, Drone  
  29  2:47  Drone  
  29  2:49  Drone  
  32  2:53  Overlord  
  32  2:56  Drone  
  33  2:59  Drone  
  33  3:05  Drone  
  35  3:11  Queen  
  37  3:13  Drone x2  
  39  3:21  Zergling x4  
  39  3:22  Drone  
  39  3:23  Drone  
  39  3:25  Overlord  
  43  3:31  Drone  
  44  3:39  Overlord  
  44  3:43  Drone x2  
  44  3:45  Drone  
  44  3:46  Drone x5  
  52  3:51  Extractor  
  52  3:52  Lair  
  51  3:58  Roach Warren  
  51  3:59  Drone  
  51  4:02  Extractor  
  50  4:03  Drone  
  50  4:04  Drone  
  52  4:10  Overlord  
  52  4:12  Drone x2  
  52  4:13  Drone  
  52  4:15  Drone  
  56  4:19  Overlord  
  56  4:35  Zergling x2  
  56  4:36  Zergling x14  
  64  4:40  Queen  
  66  4:48  Evolution Chamber  
  66  4:51  Drone  
  66  4:52  Drone x3  
  69  4:55  Overlord  
  69  4:58  Drone x3  
  69  4:59  Roach x2  
  76  5:00  Roach  
  78  5:07  Overlord  
  78  5:08  Hydralisk Den  
  78  5:12  Roach  
  78  5:13  Roach  
  78  5:16  Roach  
  78  5:22  Overseer  
  78  5:23  Glial Reconstitution  
  78  5:26  Drone  
  78  5:27  Drone  
  80  5:30  Drone x2  
  80  5:31  Drone  
  80  5:33  Drone  
  84  5:35  Drone  
  84  5:36  Drone  
  84  5:41  Muscular Augments  
  86  5:43  Overlord  
  86  5:49  Overlord  
  86  6:01  Roach x2  
  86  6:03  Roach  
  86  6:04  Roach x3  
  98  6:08  Overseer  
  98  6:11  Overlord x2  
  98  6:12  Extractor  
  98  6:14  Extractor, Drone x3  
  98  6:18  Ravager x2  
  102  6:19  Zergling x8  
  102  6:21  Overlord  
  102  6:25  Ravager  
  106  6:28  Queen  
  102  6:35  Zergling x14  
  91  6:40  Roach  
  91  6:41  Ravager  
  89  6:47  Roach  
  89  6:53  Roach  
  90  6:55  Zergling x4  
  90  6:59  Roach  
  90  7:03  Roach  
  90  7:05  Zergling x6  
  92  7:11  Roach  
  90  7:19  Roach  
  90  7:20  Zergling x2  
  80  7:22  Zergling x2  
  80  7:23  Zergling x6  
  81  7:30  Drone x3  
Show
View Real Time Build Order
Export as new Build Order

Zest Protoss - Winner!

Build Orders: 1 Gate Expand 

Get SALT Encoding   

  12  0:00  Probe (Chrono Boost)  
  13  0:11  Probe (Chrono Boost)  
  14  0:19  Pylon  
  14  0:22  Probe (Chrono Boost)  
  15  0:37  Probe (Chrono Boost)  
  15  0:39  Gateway  
  16  0:44  Assimilator  
  16  0:47  Probe (Chrono Boost)  
  17  0:58  Probe (Chrono Boost)  
  18  1:09  Probe (Chrono Boost)  
  19  1:22  Nexus  
  19  1:25  Probe (Chrono Boost)  
  20  1:35  Cybernetics Core  
  20  1:38  Probe (Chrono Boost)  
  21  1:42  Assimilator  
  21  1:49  Probe (Chrono Boost)  
  21  1:53  Pylon  
  22  1:59  Probe (Chrono Boost)  
  23  2:08  Adept  
  23  2:12  Warp Gate  
  23  2:13  Probe (Chrono Boost)  
  26  2:25  Probe (Chrono Boost)  
  26  2:26  Twilight Council  
  27  2:35  Probe x2 (Chrono Boost)  
  29  2:37  Adept  
  31  2:46  Probe x2 (Chrono Boost)  
  31  2:49  Resonating Glaives  
  33  2:56  Probe (Chrono Boost)  
  33  2:57  Probe (Chrono Boost)  
  35  3:07  Probe (Chrono Boost)  
  35  3:09  Robotics Facility, Probe (Chrono Boost)  
  37  3:17  Probe (Chrono Boost)  
  39  3:21  Probe (Chrono Boost)  
  39  3:22  Gateway  
  39  3:27  Gateway  
  39  3:29  Probe (Chrono Boost)  
  39  3:33  Probe (Chrono Boost)  
  41  3:37  Adept  
  41  3:40  Pylon, Probe (Chrono Boost)  
  44  3:45  Probe (Chrono Boost)  
  45  3:49  Pylon  
  45  3:54  Warp Prism  
  45  3:57  Probe (Chrono Boost)  
  45  4:02  Mothership Core (Chrono Boost)  
  50  4:07  Pylon  
  51  4:17  Probe (Chrono Boost)  
  51  4:19  Adept  
  51  4:20  Adept  
  51  4:22  Adept, Probe (Chrono Boost)  
  58  4:32  Nexus  
  58  4:34  Pylon  
  58  4:40  Immortal  
  58  4:42  Assimilator  
  58  4:46  Assimilator  
  58  4:50  Probe x2 (Chrono Boost)  
  64  4:58  Sentry x3  
  70  5:03  Gateway  
  70  5:04  Gateway  
  70  5:19  Observer  
  72  5:21  Probe x2 (Chrono Boost)  
  72  5:24  Gateway  
  72  5:25  Gateway  
  72  5:27  Sentry  
  75  5:28  Gateway  
  75  5:33  Probe x2 (Chrono Boost)  
  77  5:42  Pylon  
  77  5:44  Zealot, Pylon  
  77  5:45  Pylon, Sentry  
  83  5:50  Probe x3 (Chrono Boost)  
  83  5:53  Pylon  
  84  6:00  Sentry  
  84  6:02  Sentry x2  
  90  6:05  Sentry  
  90  6:08  Adept  
  94  6:17  Probe x3 (Chrono Boost)  
  97  6:29  Adept x8  
  97  6:55  Adept x8  
  111  7:05  Probe x3 (Chrono Boost)  
  108  7:17  Adept x7  
  108  7:19  Adept  
  102  7:37  Adept x3  
  102  7:38  Adept x4  
  102  7:40  Adept  

Tags
 
Add a new tag
Caveats
  • Supply blocks, unpowered buildings, or Contaminate may cause inaccurate times.
  • Supply counts are checked every 10 seconds.